[Event "Blitz 2018"]
[Site "Saint-Petersburg"]
[Date "2018.12.30"]
[Round "17.1"]
[White "Lagno Kateryna (RUS)"]
[Black "Mamedjarova Zeinab (AZE)"]
[Result "1/2-1/2"]
[ECO "C41"]
[WhiteElo "2560"]
[BlackElo "2271"]
[PlyCount "86"]
[EventDate "2018.??.??"]
[TimeControl "240+36"]
[WhiteClock "0:00:24"]
[BlackClock "0:00:18"]

1. e4 e5 2. Nf3 d6 3. d4 exd4 4. Nxd4 Nf6 5. Nc3 Be7 6. g3 O-O 7. Bg2 Re8 8.
O-O Bf8 9. Re1 c6 10. h3 Nbd7 11. Nb3 Nb6 12. g4 d5 13. Bg5 h6 14. Bh4 g5 15.
Bg3 dxe4 16. Nxe4 Nxe4 17. Bxe4 Qxd1 18. Raxd1 Be6 19. Nd4 Bd5 20. Bxd5 Nxd5
21. c3 Kh7 22. Nf5 Kg6 23. Kf1 a5 24. c4 Nf6 25. f3 a4 26. Be5 Bb4 27. Re2 Rad8
28. Rxd8 Rxd8 29. a3 Rd1+ 30. Kg2 Bc5 31. Bc3 Rg1+ 32. Kh2 Rf1 33. h4 Rxf3 34.
Kg2 Rd3 35. h5+ Nxh5 36. gxh5+ Kxf5 37. Re5+ Kg4 38. Rxc5 Kxh5 39. Rf5 Rd7 40.
Kg3 Rd3+ 41. Kg2 Rd7 42. Kg3 Rd3+ 43. Kg2 Rd7 1/2-1/2

[Event "Blitz 2018"]
[Site "Saint-Petersburg"]
[Date "2018.12.30"]
[Round "17.2"]
[White "Tan Zhongyi (CHN)"]
[Black "Lei Tingjie (CHN)"]
[Result "1-0"]
[ECO "A45"]
[WhiteElo "2494"]
[BlackElo "2458"]
[PlyCount "60"]
[EventDate "2018.??.??"]
[TimeControl "240+29"]
[WhiteClock "0:00:29"]
[BlackClock "0:00:18"]

1. d4 Nf6 2. Bg5 d5 3. Nd2 c5 4. e3 Nc6 5. Ngf3 Qb6 6. Bxf6 gxf6 7. c4 cxd4 8.
exd4 Nxd4 9. cxd5 Nxf3+ 10. Qxf3 Bh6 11. Nc4 Qb4+ 12. Qc3 Qxc3+ 13. bxc3 b6 14.
Be2 Bb7 15. Rd1 O-O-O 16. Bf3 Rd7 17. Ne3 Kb8 18. Nf5 Bf4 19. O-O Rc8 20. Rd4
Be5 21. Rh4 Ba6 22. Rd1 e6 23. Ne3 Rxc3 24. Rxh7 Bf4 25. dxe6 Rdc7 26. exf7 Rc8
27. Nd5 Rc1 28. Nxf4 Rxd1+ 29. Bxd1 Rd8 30. Bf3 Bb7 1-0

[Event "Blitz 2018"]
[Site "Saint-Petersburg"]
[Date "2018.12.30"]
[Round "17.3"]
[White "Gunina Valentina (RUS)"]
[Black "Goryachkina Aleksandra (RUS)"]
[Result "0-1"]
[ECO "D11"]
[WhiteElo "2489"]
[BlackElo "2422"]
[PlyCount "80"]
[EventDate "2018.??.??"]
[TimeControl "240+33"]
[WhiteClock "0:00:33"]
[BlackClock "0:00:49"]

1. d4 d5 2. c4 c6 3. Nf3 Nf6 4. g3 Bf5 5. Bg2 e6 6. O-O h6 7. Qb3 Qb6 8. Nc3
Be7 9. c5 Qc7 10. Bf4 Qc8 11. Qa4 O-O 12. b4 a6 13. Qb3 Nbd7 14. a4 Bd8 15. b5
Bc7 16. Ra2 Bxf4 17. gxf4 Qc7 18. Ne5 Nxe5 19. fxe5 Nd7 20. e4 dxe4 21. Nxe4
Bxe4 22. Bxe4 axb5 23. axb5 Rxa2 24. Qxa2 cxb5 25. Rb1 Nb8 26. Rxb5 Nc6 27. Qb2
Qd8 28. Rxb7 Nxd4 29. c6 Qg5+ 30. Kf1 Qxe5 31. Bb1 Qd5 32. Kg1 Nf3+ 33. Kg2
Nd2+ 34. Kg1 Qg5+ 35. Kh1 Nf3 36. Bh7+ Kxh7 37. Qb1+ f5 38. c7 Qf4 39. Kg2 Qg4+
40. Kh1 Qh3 0-1

[Event "Blitz 2018"]
[Site "Saint-Petersburg"]
[Date "2018.12.30"]
[Round "17.4"]
[White "Khademalsharieh Sarasadat (IRI"]
[Black "Bodnaruk Anastasia (RUS)"]
[Result "1-0"]
[ECO "E63"]
[WhiteElo "2377"]
[BlackElo "2366"]
[PlyCount "217"]
[EventDate "2018.??.??"]
[TimeControl "240+29"]
[WhiteClock "0:00:10"]
[BlackClock "0:00:05"]

1. d4 Nf6 2. c4 g6 3. g3 Bg7 4. Bg2 O-O 5. Nc3 d6 6. Nf3 Nc6 7. O-O a6 8. b3
Rb8 9. d5 Na5 10. Bd2 c5 11. dxc6 Nxc6 12. Rc1 e6 13. Bf4 e5 14. Be3 h6 15. h3
Be6 16. Qd2 Kh7 17. Rfd1 Ne8 18. Ne4 Qe7 19. Nxd6 Rd8 20. c5 f5 21. Qc2 Nb4 22.
Qb1 Nd5 23. Nxe8 Rfxe8 24. Bd2 e4 25. Nh2 Rc8 26. b4 Bf7 27. Nf1 Be5 28. Ne3
Nf6 29. Bc3 Bxc3 30. Rxc3 Qe5 31. Qc1 Bxa2 32. Rd6 Bf7 33. Rb6 Re7 34. c6 bxc6
35. Rbxc6 Rxc6 36. Rxc6 f4 37. gxf4 Qxf4 38. Ng4 Qxc1+ 39. Rxc1 Nxg4 40. hxg4
Rb7 41. Bxe4 Rxb4 42. f3 a5 43. Rc7 Kg8 44. Ra7 a4 45. Ra6 Kg7 46. Kf2 Rd4 47.
Bd3 Rb4 48. Ra7 Kf6 49. Ra6+ Kg7 50. Kg3 Rd4 51. f4 Rb4 52. f5 gxf5 53. gxf5
Bc4 54. Bxc4 Rxc4 55. Kf3 Rb4 56. e4 Rb1 57. Rxa4 Rf1+ 58. Kg4 Rg1+ 59. Kf4
Rf1+ 60. Ke5 h5 61. Ra7+ Kh6 62. Ra6+ Kh7 63. Rg6 Rf2 64. Ke6 h4 65. Rg4 Rh2
66. f6 h3 67. f7 Rf2 68. Rh4+ Kg7 69. Rg4+ Kh7 70. Rh4+ Kg7 71. Rxh3 Rf6+ 72.
Ke7 Rxf7+ 73. Ke6 Ra7 74. Rb3 Ra1 75. Rb7+ Kf8 76. Rb8+ Kg7 77. e5 Re1 78. Rb7+
Kf8 79. Rb8+ Kg7 80. Kd6 Kf7 81. Rb7+ Ke8 82. Ke6 Kf8 83. Rb8+ Kg7 84. Ra8 Re2
85. Rd8 Re1 86. Kd6 Kf7 87. Rd7+ Ke8 88. Rh7 Kf8 89. Ke6 Re2 90. Rf7+ Ke8 91.
Ra7 Kf8 92. Ra8+ Kg7 93. Rc8 Re1 94. Rc5 Kf8 95. Kf6 Rf1+ 96. Ke6 Re1 97. Rc8+
Kg7 98. Re8 Re2 99. Kd7 Rd2+ 100. Ke7 Ra2 101. Rd8 Re2 102. e6 Re1 103. Kd7
Rd1+ 104. Ke8 Re1 105. e7 Re2 106. Rd4 Re1 107. Kd7 Kf7 108. Rf4+ Kg6 109.
e8=Q+ 1-0

[Event "Blitz 2018"]
[Site "Saint-Petersburg"]
[Date "2018.12.30"]
[Round "17.5"]
[White "Paehtz Elisabeth (GER)"]
[Black "Ushenina Anna (UKR)"]
[Result "1/2-1/2"]
[ECO "D00"]
[WhiteElo "2366"]
[BlackElo "2419"]
[PlyCount "88"]
[EventDate "2018.??.??"]
[TimeControl "240+29"]
[WhiteClock "0:00:19"]
[BlackClock "0:00:23"]

1. d4 d5 2. Bf4 e6 3. e3 Bd6 4. Bg3 c5 5. Nd2 Nc6 6. Ngf3 Nge7 7. c3 O-O 8. Bd3
b6 9. Ne5 Bb7 10. f4 Nf5 11. Bf2 Be7 12. Qh5 g6 13. Qh3 Nxe5 14. fxe5 f6 15. g4
Ng7 16. Bg3 a5 17. O-O Ba6 18. Bxa6 Rxa6 19. exf6 Bxf6 20. Nf3 Ra7 21. Be5 Raf7
22. Bxf6 Rxf6 23. Ne5 Ne8 24. Rxf6 Qxf6 25. Rf1 Qxf1+ 26. Qxf1 Rxf1+ 27. Kxf1
c4 28. a4 Nd6 29. Nd7 b5 30. axb5 Nxb5 31. Ke2 Kf7 32. Ne5+ Kf6 33. h4 h6 34.
Nd7+ Kf7 35. g5 hxg5 36. hxg5 a4 37. Nc5 a3 38. bxa3 Nxa3 39. Kd2 Ke7 40. e4
Nb5 41. e5 Nc7 42. Ke3 Nb5 43. Kd2 Nc7 44. Ke3 Nb5 {Ke4} 1/2-1/2

[Event "Blitz 2018"]
[Site "Saint-Petersburg"]
[Date "2018.12.30"]
[Round "17.6"]
[White "Ju Wenjun (CHN)"]
[Black "Garifullina Leya (RUS)"]
[Result "1/2-1/2"]
[ECO "E07"]
[WhiteElo "2558"]
[BlackElo "2120"]
[PlyCount "95"]
[EventDate "2018.??.??"]
[TimeControl "240+33"]
[WhiteClock "0:00:10"]
[BlackClock "0:00:33"]

1. d4 Nf6 2. c4 e6 3. g3 d5 4. Nf3 Be7 5. Bg2 O-O 6. O-O Nbd7 7. Qb3 c6 8. Nc3
b6 9. Bf4 Bb7 10. Rfd1 c5 11. cxd5 Nxd5 12. dxc5 Nxc5 13. Qc2 Qe8 14. Nxd5 Bxd5
15. Ng5 Bxg5 16. Bxd5 exd5 17. Bxg5 Ne6 18. Be3 Qb5 19. Rd2 Rad8 20. Rad1 Rd7
21. a4 Qa5 22. b3 Rfd8 23. Bd4 Qb4 24. Qb2 h6 25. h4 b5 26. axb5 Qxb5 27. e3
Rb7 28. Rd3 a5 29. Qa1 Rc7 30. Bc3 Ra7 31. Bd4 Raa8 32. Bb2 a4 33. bxa4 Rxa4
34. Qc1 Ra2 35. R3d2 Ra7 36. Qc3 Rc7 37. Qe5 Rcd7 38. Kg2 Qb8 39. Qxb8 Rxb8 40.
Be5 Rb5 41. e4 d4 42. Bxd4 Rb4 43. Be3 Rxd2 44. Rxd2 Rxe4 45. Rd5 Ra4 46. Rb5
Rc4 47. Rd5 Rc7 48. Rb5 1/2-1/2

[Event "Blitz 2018"]
[Site "Saint-Petersburg"]
[Date "2018.12.30"]
[Round "17.7"]
[White "Muzychuk Anna (UKR)"]
[Black "Mammadzada Gunay (AZE)"]
[Result "1-0"]
[ECO "B20"]
[WhiteElo "2559"]
[BlackElo "2256"]
[PlyCount "61"]
[EventDate "2018.??.??"]
[TimeControl "240+52"]
[WhiteClock "0:00:20"]
[BlackClock "0:00:04"]

1. e4 c5 2. c4 Nc6 3. Ne2 e5 4. Nbc3 g6 5. g3 Bg7 6. Bg2 Nge7 7. O-O d6 8. d3
O-O 9. a3 Rb8 10. Rb1 a6 11. b4 cxb4 12. axb4 b5 13. cxb5 axb5 14. Be3 Be6 15.
d4 d5 16. dxe5 dxe4 17. Nxe4 Nxe5 18. Bc5 Nd7 19. Bd6 Rc8 20. Nf4 Bc4 21. Re1
Be5 22. Bxe5 Nxe5 23. Nd6 f6 24. Nxc8 Qxc8 25. Nd5 N7c6 26. Nb6 Qf5 27. Nxc4
bxc4 28. Qd5+ Kg7 29. f4 Nd3 30. Qxf5 gxf5 31. Bxc6 1-0

[Event "Blitz 2018"]
[Site "Saint-Petersburg"]
[Date "2018.12.30"]
[Round "17.8"]
[White "Stefanova Antoaneta (BUL)"]
[Black "Khotenashvili Bela (GEO)"]
[Result "1-0"]
[ECO "A40"]
[WhiteElo "2496"]
[BlackElo "2355"]
[PlyCount "101"]
[EventDate "2018.??.??"]
[TimeControl "240+37"]
[WhiteClock "0:00:21"]
[BlackClock "0:00:16"]

1. d4 g6 2. Nf3 Bg7 3. g3 c5 4. Bg2 d5 5. O-O Nf6 6. dxc5 O-O 7. Nbd2 a5 8. a4
Na6 9. Nb3 Ne4 10. Ng5 Nxg5 11. Bxg5 Bxb2 12. Rb1 Bg7 13. Qxd5 Qc7 14. Bf4 e5
15. Bd2 Nb4 16. Qd6 Qxd6 17. cxd6 Rd8 18. Nxa5 Rxa5 19. Bxb4 Rxa4 20. c4 Bf5
21. e4 Bd7 22. c5 Bc6 23. Rfe1 h5 24. Bf1 f5 25. Bc4+ Kh7 26. Bd5 fxe4 27. Bxe4
Rd7 28. Bxc6 bxc6 29. Bd2 Rc4 30. Be3 e4 31. Rb6 Bd4 32. Bxd4 Rxd4 33. Rxc6 Rc4
34. Re2 Kg7 35. Rc8 Kf6 36. Rd2 Ke6 37. Re8+ Kf7 38. Re5 Kf6 39. Red5 Ke6 40.
h4 Rc1+ 41. Kg2 Rc4 42. Rg5 Kf6 43. Ra2 Kf7 44. Ra8 Rc2 45. Re5 e3 46. Rxe3
Rxc5 47. Ra6 Rd5 48. Re7+ Rxe7 49. dxe7 Kxe7 50. Rxg6 Kf7 51. Rg5 1-0

[Event "Blitz 2018"]
[Site "Saint-Petersburg"]
[Date "2018.12.30"]
[Round "17.9"]
[White "Girya Olga (RUS)"]
[Black "Harika Dronavalli (IND)"]
[Result "1/2-1/2"]
[ECO "D45"]
[WhiteElo "2363"]
[BlackElo "2490"]
[PlyCount "175"]
[EventDate "2018.??.??"]
[TimeControl "240+71"]
[WhiteClock "0:00:12"]
[BlackClock "0:00:36"]

1. d4 d5 2. Nf3 Nf6 3. c4 e6 4. Nc3 c6 5. e3 Nbd7 6. Qc2 Bd6 7. b3 O-O 8. Bb2
e5 9. dxe5 Nxe5 10. O-O-O Bg4 11. Be2 Rc8 12. Kb1 Qe7 13. Nxe5 Bxe2 14. Nxe2
Bxe5 15. Nd4 dxc4 16. Qxc4 Rfd8 17. Nf5 Qe8 18. Qc5 Nd5 19. Rxd5 cxd5 20. Ne7+
Kh8 21. Nxc8 Rxc8 22. Qxd5 Bxb2 23. Kxb2 h6 24. Rc1 Rxc1 25. Kxc1 b6 26. Kb2
Kg8 27. h4 Qe7 28. Qd4 h5 29. g3 g6 30. a4 Qc7 31. e4 Qe7 32. e5 Qe6 33. Qe4 a5
34. f3 Kg7 35. f4 Qd7 36. Qe3 Qc6 37. Qc3 Qg2+ 38. Ka3 Kh7 39. Qe3 Qf1 40. Kb2
Qg2+ 41. Kc3 Qc6+ 42. Kd2 Qd5+ 43. Ke2 Qc6 44. Kf2 Qc2+ 45. Kf3 Qc6+ 46. Kf2
Qc2+ 47. Kg1 Qd1+ 48. Kh2 Qc2+ 49. Kh3 Qd1 50. Kg2 Qc2+ 51. Kf1 Qd1+ 52. Kf2
Qc2+ 53. Kf3 Qc6+ 54. Ke2 Qc2+ 55. Ke1 Qb1+ 56. Kd2 Qb2+ 57. Kd1 Qb1+ 58. Ke2
Qc2+ 59. Kf3 Qc6+ 60. Qe4 Qc3+ 61. Kf2 Qxb3 62. f5 Qb2+ 63. Kg1 gxf5 64. Qxf5+
Kg7 65. Qg5+ Kf8 66. Qd8+ Kg7 67. Qf6+ Kg8 68. Qg5+ Kf8 69. Qxh5 Qd4+ 70. Kg2
Qxa4 71. Qh8+ Ke7 72. Qf6+ Ke8 73. Qxb6 Qe4+ 74. Kh2 a4 75. Qb8+ Ke7 76. Qd6+
Ke8 77. Qb8+ Ke7 78. Qa7+ Ke8 79. Qa6 Qc2+ 80. Kh3 Qf5+ 81. Kg2 Qc2+ 82. Kf3
Qb3+ 83. Kg2 a3 84. Qc8+ Ke7 85. Qc7+ Ke8 86. Qc8+ Ke7 87. Qc7+ Ke8 88. Qc8+
1/2-1/2

[Event "Blitz 2018"]
[Site "Saint-Petersburg"]
[Date "2018.12.30"]
[Round "17.10"]
[White "Galliamova Alisa (RUS)"]
[Black "Mammadova Gulnar (AZE)"]
[Result "1/2-1/2"]
[ECO "A40"]
[WhiteElo "2417"]
[BlackElo "2311"]
[PlyCount "134"]
[EventDate "2018.??.??"]
[TimeControl "240+38"]
[WhiteClock "0:00:18"]
[BlackClock "0:00:25"]

1. d4 e6 2. Nf3 f5 3. g3 Nf6 4. Bg2 g6 5. O-O Bg7 6. c4 d6 7. b3 O-O 8. Bb2 Ne4
9. Nbd2 Nxd2 10. Qxd2 Nd7 11. Qc2 Nf6 12. Nd2 d5 13. Nf3 Ne4 14. Ne5 c6 15. e3
g5 16. f3 Nf6 17. e4 f4 18. Rae1 Bd7 19. Nd3 fxg3 20. hxg3 g4 21. fxg4 dxc4 22.
Qxc4 Nxg4 23. Rxf8+ Qxf8 24. Nf4 Kh8 25. Bh3 e5 26. dxe5 b5 27. Qd3 Rd8 28.
Bxg4 Bxg4 29. Qe3 Qe7 30. Nd3 Qe6 31. Rf1 Bh6 32. Nf4 Bxf4 33. Qxf4 Be2 34.
Qf6+ Qxf6 35. exf6 Kg8 36. Rf2 Bh5 37. e5 Kf7 38. Kg2 Ke6 39. Kh3 Rd1 40. g4
Bg6 41. Kg3 Rd3+ 42. Rf3 Rd2 43. Rf2 Rd3+ 44. Kh2 a5 45. Rc2 Rh3+ 46. Kxh3 Bxc2
47. g5 b4 48. Kg4 Bb1 49. a3 Bc2 50. axb4 axb4 51. Bd4 Bxb3 52. Bc5 Kxe5 53.
Bxb4 Ke6 54. Kh5 Bc2 55. Kh6 Bg6 56. Kg7 Kf5 57. Bd2 Ke6 58. Be3 Bh5 59. Kxh7
Kf7 60. Kh6 Bg6 61. Bc5 Bf5 62. Kh5 Bg6+ 63. Kg4 Be4 64. Kf4 Bg6 65. Ke5 Bd3
66. Kd6 Be4 67. Kd7 Bg6 1/2-1/2

[Event "Blitz 2018"]
[Site "Saint-Petersburg"]
[Date "2018.12.30"]
[Round "17.11"]
[White "Munkhzul Turmunkh (MGL)"]
[Black "Javakhishvili Lela (GEO)"]
[Result "1-0"]
[ECO "B09"]
[WhiteElo "1936"]
[BlackElo "2357"]
[PlyCount "45"]
[EventDate "2018.??.??"]
[TimeControl "240+43"]
[WhiteClock "0:00:57"]
[BlackClock "0:00:15"]

1. e4 d6 2. d4 Nf6 3. Nc3 g6 4. f4 Bg7 5. Nf3 c5 6. Bb5+ Bd7 7. e5 Ng4 8. e6
fxe6 9. Ng5 Bxb5 10. Nxe6 Bxd4 11. Nxb5 Qa5+ 12. Qd2 Qxd2+ 13. Bxd2 Kd7 14.
Nec7 a6 15. Nxa8 axb5 16. c3 Be3 17. a4 bxa4 18. Rxa4 Nc6 19. Nb6+ Ke6 20. Bxe3
Kf5 21. Ke2 e5 22. fxe5 Re8 23. Rf4+ 1-0

[Event "Blitz 2018"]
[Site "Saint-Petersburg"]
[Date "2018.12.30"]
[Round "17.12"]
[White "Gaponenko Inna (UKR)"]
[Black "Ambartsumova Karina (RUS)"]
[Result "1-0"]
[ECO "B07"]
[WhiteElo "2314"]
[BlackElo "2387"]
[PlyCount "107"]
[EventDate "2018.??.??"]
[TimeControl "240+39"]
[WhiteClock "0:00:14"]
[BlackClock "0:00:16"]

1. e4 d6 2. d4 Nf6 3. Nc3 Nbd7 4. Nf3 e5 5. Bc4 Be7 6. a4 O-O 7. O-O c6 8. Qe2
b6 9. Ba2 a6 10. Rd1 Qc7 11. Nh4 exd4 12. Rxd4 Ne5 13. f4 Ng6 14. Nxg6 hxg6 15.
Rd3 Re8 16. Rg3 d5 17. e5 Nh5 18. Rd3 b5 19. g4 Bc5+ 20. Kh1 Nf6 21. h3 b4 22.
Nd1 Ne4 23. Kg2 a5 24. Rf3 Qe7 25. Be3 Ba6 26. Qe1 Rad8 27. Nf2 Nxf2 28. Qxf2
d4 29. Bd2 d3 30. Be3 Bxe3 31. Rxe3 d2 32. Rd1 Qd7 33. Re4 c5 34. Kh2 Qc6 35.
Re3 Rd4 36. c3 bxc3 37. bxc3 Rdd8 38. Rxd2 Qxa4 39. Bd5 Bc4 40. Bxc4 Qxc4 41.
Rf3 a4 42. f5 g5 43. f6 g6 44. Qe2 a3 45. Qxc4 Rxd2+ 46. Kg3 a2 47. Qa4 Rb8 48.
e6 Rb1 49. Rf2 Rg1+ 50. Kf3 Rxf2+ 51. Kxf2 a1=Q 52. Qe8+ Kh7 53. Qxf7+ Kh6 54.
Qg7# 1-0

[Event "Blitz 2018"]
[Site "Saint-Petersburg"]
[Date "2018.12.30"]
[Round "17.13"]
[White "Kosteniuk Alexandra (RUS)"]
[Black "Batsiashvili Nino (GEO)"]
[Result "1-0"]
[ECO "B10"]
[WhiteElo "2475"]
[BlackElo "2320"]
[PlyCount "103"]
[EventDate "2018.??.??"]
[TimeControl "240+50"]
[WhiteClock "0:00:18"]
[BlackClock "0:00:04"]

1. e4 c6 2. c4 e5 3. Nf3 d6 4. d4 Nd7 5. Nc3 g6 6. g3 Bg7 7. Bg2 Ngf6 8. O-O
O-O 9. Re1 a6 10. b3 b5 11. Ba3 exd4 12. Nxd4 Qc7 13. Nde2 c5 14. e5 Nxe5 15.
Bxa8 b4 16. Bb2 bxc3 17. Nxc3 Bf5 18. Be4 Nxe4 19. Nxe4 Nf3+ 20. Qxf3 Bxb2 21.
Rad1 Bd4 22. Rxd4 cxd4 23. Nf6+ Kg7 24. Nd5 Qa5 25. Rd1 Qxa2 26. g4 Bxg4 27.
Qxg4 Qxb3 28. Qxd4+ f6 29. Re1 Rf7 30. Nf4 g5 31. Ne6+ Kh6 32. Qd5 Qc3 33. Re3
Qa1+ 34. Kg2 Kg6 35. Nd4 Qb1 36. Re4 Qd1 37. Qf5+ Kh6 38. Qe6 Kg6 39. Qf5+ Kh6
40. Ne2 Qd2 41. Ng3 Qc1 42. Re6 Qc3 43. Rxd6 a5 44. Qe6 Kg6 45. Qe4+ Kh6 46.
Nf5+ Kh5 47. Rd3 Qc1 48. Rh3+ Kg6 49. Nd6+ f5 50. Qe8 g4 51. Qxf7+ Kg5 52.
Qxf5# 1-0

[Event "Blitz 2018"]
[Site "Saint-Petersburg"]
[Date "2018.12.30"]
[Round "17.14"]
[White "Cramling Pia (SWE)"]
[Black "Shuvalova Polina (RUS)"]
[Result "0-1"]
[ECO "A14"]
[WhiteElo "2382"]
[BlackElo "2226"]
[PlyCount "80"]
[EventDate "2018.??.??"]
[TimeControl "240+65"]
[WhiteClock "0:00:07"]
[BlackClock "0:00:28"]

1. Nf3 Nf6 2. c4 e6 3. g3 d5 4. Bg2 Be7 5. O-O O-O 6. d4 c6 7. Qc2 b6 8. b3
Nbd7 9. Nc3 Ba6 10. Nd2 b5 11. cxb5 cxb5 12. a3 Qb6 13. Nf3 Rac8 14. Qb2 b4 15.
axb4 Bxb4 16. Na4 Qb5 17. e3 Rc7 18. Rd1 Qb7 19. Bd2 Rb8 20. Rdc1 Bd6 21. Rxc7
Bxc7 22. b4 Ne4 23. Be1 Bd6 24. Nc5 Bxc5 25. dxc5 Bc4 26. Qa3 a6 27. Nd4 Ne5
28. f3 Nf6 29. Qc3 Nc6 30. Nxc6 Qxc6 31. Bd2 Qb5 32. Ra5 Qc6 33. Bc1 h6 34. Qd2
Qb7 35. Ba3 Nd7 36. Bf1 Ne5 37. Kf2 Bxf1 38. Kxf1 Nc4 39. Qd4 Nxa5 40. bxa5
Qb1+ 0-1

[Event "Blitz 2018"]
[Site "Saint-Petersburg"]
[Date "2018.12.30"]
[Round "17.15"]
[White "Charochkina Daria (RUS)"]
[Black "Arabidze Meri (GEO)"]
[Result "0-1"]
[ECO "D20"]
[WhiteElo "2323"]
[BlackElo "2323"]
[PlyCount "80"]
[EventDate "2018.??.??"]
[TimeControl "240+54"]
[WhiteClock "0:00:13"]
[BlackClock "0:00:12"]

1. d4 d5 2. c4 dxc4 3. e4 Nc6 4. d5 Ne5 5. Bf4 Ng6 6. Be3 Nf6 7. Nc3 e5 8. Bxc4
a6 9. h3 Bd6 10. Nge2 O-O 11. O-O Nf4 12. Nxf4 exf4 13. Bd4 Nd7 14. Qh5 f6 15.
e5 Nxe5 16. Bxe5 Bxe5 17. d6+ Kh8 18. dxc7 Qxc7 19. Bd3 f5 20. Rfe1 Be6 21.
Rac1 Qd6 22. Rcd1 Qc7 23. Nb1 Rae8 24. Nd2 g6 25. Qg5 Bf6 26. Qh6 Bg7 27. Qg5
Bf6 28. Qh6 Bg7 29. Qg5 Bxa2 30. Rxe8 Rxe8 31. Nf3 Bb3 32. h4 Bxd1 33. h5 Qe7
34. Qxf4 Bxf3 35. hxg6 h6 36. Qxf3 Qe1+ 37. Kh2 Qe5+ 38. g3 Rf8 39. Qxb7 Qxb2
40. Qa7 Qd4 0-1

[Event "Blitz 2018"]
[Site "Saint-Petersburg"]
[Date "2018.12.30"]
[Round "17.16"]
[White "Zhao Xue (CHN)"]
[Black "Tsatsalashvili Keti (GEO)"]
[Result "1-0"]
[ECO "A45"]
[WhiteElo "2539"]
[BlackElo "2211"]
[PlyCount "139"]
[EventDate "2018.??.??"]
[TimeControl "240+43"]
[WhiteClock "0:00:18"]
[BlackClock "0:00:10"]

1. d4 Nf6 2. Bf4 e6 3. Nd2 c5 4. e3 b6 5. Ngf3 Bb7 6. Bd3 Be7 7. a4 Nc6 8. c3
d5 9. Ne5 Nd7 10. Nef3 O-O 11. O-O f5 12. h3 Nf6 13. Ne5 Nxe5 14. Bxe5 Bd6 15.
Nf3 a5 16. Bb5 Ba6 17. Bxa6 Rxa6 18. Qb3 Ra7 19. Rfd1 Ne4 20. c4 Bxe5 21. Nxe5
cxd4 22. Rxd4 Qc7 23. Nf3 Nc5 24. Qc2 dxc4 25. Qxc4 Rd8 26. Rad1 Raa8 27. h4 h6
28. Rc1 Kh7 29. Rxd8 Rxd8 30. Nd4 Qd6 31. Qb5 Rb8 32. Nf3 Rd8 33. Nd4 Rb8 34.
Ne2 Rd8 35. Qc4 Qd3 36. Nd4 Qxc4 37. Rxc4 g6 38. Kf1 e5 39. Nf3 Rd5 40. Ke2 Kg7
41. Nd2 Kf6 42. b3 Rd6 43. Rc2 Ke6 44. Rc3 Rd7 45. Nc4 Ne4 46. Rc2 Rb7 47. f3
Nc5 48. Nxa5 bxa5 49. Rxc5 Rxb3 50. Rxa5 Rb2+ 51. Kf1 g5 52. Ra6+ Kd5 53. h5 f4
54. exf4 gxf4 55. Rxh6 Rb1+ 56. Kf2 Ra1 57. Ra6 Ra2+ 58. Kg1 e4 59. fxe4+ Kxe4
60. h6 f3 61. gxf3+ Kxf3 62. h7 Ra1+ 63. Kh2 Ra2+ 64. Kh3 Ra1 65. Rf6+ Ke4 66.
Rf2 Ra3+ 67. Kg4 Rxa4 68. h8=Q Ke3+ 69. Kg3 Re4 70. Qc3# 1-0

[Event "Blitz 2018"]
[Site "Saint-Petersburg"]
[Date "2018.12.30"]
[Round "17.17"]
[White "Koneru Humpy (IND)"]
[Black "Nomin-Erdene Davaademberel (MG"]
[Result "1-0"]
[ECO "A80"]
[WhiteElo "2499"]
[BlackElo "2186"]
[PlyCount "105"]
[EventDate "2018.??.??"]
[TimeControl "240+38"]
[WhiteClock "0:00:10"]
[BlackClock "0:00:04"]

1. d4 f5 2. Nf3 Nf6 3. g3 g6 4. Bg2 Bg7 5. O-O d6 6. b3 O-O 7. Bb2 c6 8. c4 Na6
9. Nbd2 Nc7 10. Qc2 Bd7 11. Rfe1 Kh8 12. e4 fxe4 13. Nxe4 Bf5 14. Nh4 Bxe4 15.
Bxe4 Nxe4 16. Qxe4 e6 17. Re2 Qd7 18. Rae1 Rae8 19. Qd3 Re7 20. Nf3 Bf6 21. h4
Kg7 22. Kg2 Qe8 23. Ba3 Qd7 24. Nd2 Ref7 25. Ne4 Be7 26. Bc1 Ne8 27. Ng5 Bxg5
28. Bxg5 Nc7 29. Qd2 Kg8 30. h5 Rf5 31. Bh6 R8f7 32. Rh1 e5 33. hxg6 hxg6 34.
Be3 Ne6 35. dxe5 dxe5 36. Qc3 Nd4 37. Rd2 c5 38. Bxd4 exd4 39. Qc2 Qc6+ 40. Kg1
Re7 41. Re2 Ref7 42. Rh4 Qf3 43. Qd2 Kg7 44. Qh6+ Kf6 45. Qh8+ Rg7 46. Qd8+ Kf7
47. Re7+ Kf6 48. Re3+ Kf7 49. Qe8+ Kf6 50. Qe6+ Kg5 51. Rxf3 Rxf3 52. Qe5+ Rf5
53. f4# 1-0

[Event "Blitz 2018"]
[Site "Saint-Petersburg"]
[Date "2018.12.30"]
[Round "17.18"]
[White "Muzychuk Mariya (UKR)"]
[Black "Guseva Marina (RUS)"]
[Result "0-1"]
[ECO "B19"]
[WhiteElo "2395"]
[BlackElo "2183"]
[PlyCount "131"]
[EventDate "2018.??.??"]
[TimeControl "240+38"]
[WhiteClock "0:00:22"]
[BlackClock "0:00:17"]

1. e4 c6 2. d4 d5 3. Nc3 dxe4 4. Nxe4 Bf5 5. Ng3 Bg6 6. h4 h6 7. Nf3 Nd7 8. h5
Bh7 9. Bd3 Bxd3 10. Qxd3 e6 11. Bd2 Ngf6 12. O-O-O Be7 13. Kb1 Qb6 14. Ne4 Rd8
15. g4 c5 16. g5 Nxe4 17. Qxe4 hxg5 18. Bxg5 Bxg5 19. Nxg5 Nf6 20. Qf3 Rxd4 21.
Rxd4 cxd4 22. h6 Qb5 23. Qf4 Rxh6 24. Re1 Rh5 25. Qb8+ Ke7 26. Qc7+ Qd7 27.
Qc5+ Qd6 28. Qb5 b6 29. a4 Qc5 30. Qa6 Rxg5 31. Qxa7+ Nd7 32. Qb7 Re5 33. Rg1
g6 34. Rd1 Qd5 35. Qc7 Qd6 36. Qc4 Rc5 37. Qb4 Rd5 38. Qc4 Ne5 39. Qc8 Qc5 40.
Qb7+ Rd7 41. Qe4 Nc4 42. Rd3 Qe5 43. Qc6 Qd5 44. Qc8 Ne5 45. Rb3 d3 46. Rb5
dxc2+ 47. Qxc2 Qd1+ 48. Qxd1 Rxd1+ 49. Kc2 Re1 50. Rxb6 Re2+ 51. Kc3 Rxf2 52.
a5 Nd7 53. Rb7 Kd6 54. a6 Rf1 55. b4 Ra1 56. b5 f5 57. Ra7 Nb6 58. Rg7 Kc5 59.
Rxg6 Re1 60. a7 Kxb5 61. Rg8 Ra1 62. Re8 Nd5+ 63. Kd4 Nc7 64. Re7 Rxa7 65. Ke5
Kc6 66. Kd4 0-1

[Event "Blitz 2018"]
[Site "Saint-Petersburg"]
[Date "2018.12.30"]
[Round "17.19"]
[White "Assaubayeva Bibisara (RUS)"]
[Black "Guichard Pauline (FRA)"]
[Result "1-0"]
[ECO "A05"]
[WhiteElo "2182"]
[BlackElo "2378"]
[PlyCount "52"]
[EventDate "2018.??.??"]
[TimeControl "240+50"]
[WhiteClock "0:00:32"]

1. Nf3 Nf6 2. g3 g6 3. Bg2 Bg7 4. O-O O-O 5. d4 d6 6. b3 c5 7. Bb2 cxd4 8. Nxd4
d5 9. Na3 Re8 10. c4 e5 11. Nf3 d4 12. c5 Nc6 13. Nc4 Bf8 14. b4 a6 15. a4 Bg4
16. b5 axb5 17. axb5 Rxa1 18. Bxa1 Bxf3 19. Bxf3 Nb4 20. Bxb7 Bxc5 21. Bg2 Qb8
22. Qa4 Nfd5 23. b6 Re7 24. Qb5 Qc8 25. Rc1 Nxb6 26. Nxb6 Rc7 1-0

[Event "Blitz 2018"]
[Site "Saint-Petersburg"]
[Date "2018.12.30"]
[Round "17.20"]
[White "Nebolsina Vera (RUS)"]
[Black "Abdumalik Zhansaya (KAZ)"]
[Result "0-1"]
[ECO "B23"]
[WhiteElo "2144"]
[BlackElo "2371"]
[PlyCount "128"]
[EventDate "2018.??.??"]
[TimeControl "240+31"]
[WhiteClock "0:00:17"]
[BlackClock "0:00:16"]

1. e4 c5 2. Nc3 e6 3. Nf3 a6 4. g3 b5 5. Bg2 Bb7 6. d3 d6 7. O-O Nf6 8. Re1
Nbd7 9. d4 Be7 10. e5 Nd5 11. Ne4 dxe5 12. dxe5 Qc7 13. Bg5 Bf8 14. c4 bxc4 15.
Qa4 h6 16. Bd2 N5b6 17. Qc2 Bd5 18. Ba5 Qc6 19. Ned2 Be7 20. Bxb6 Nxb6 21. a4
a5 22. Ra3 O-O 23. Bf1 Rfd8 24. Ree3 Rab8 25. Ne1 Qd7 26. Nb1 Bc6 27. Nc3 Nd5
28. Nxd5 exd5 29. e6 fxe6 30. Bh3 Kh8 31. Bxe6 Qe8 32. Nf3 d4 33. Re1 d3 34.
Qxc4 Bxf3 35. Rxd3 Rxd3 36. Qxd3 Bh5 37. Ba2 Qf8 38. Bb1 g6 39. g4 Rd8 40. Qc2
Bxg4 41. Qxg6 Qg7 42. Qxg7+ Kxg7 43. Rxe7+ Kf6 44. Re1 Rb8 45. f3 Be6 46. Re2
Rb4 47. Rc2 Bf5 48. Rc1 Bxb1 49. Rxb1 Ke5 50. Kf2 Rxa4 51. Re1+ Kd5 52. b3 Rb4
53. Rd1+ Ke5 54. Re1+ Kf5 55. Rc1 Rb5 56. Rc4 Ke5 57. Rh4 Rxb3 58. Rxh6 a4 59.
Ra6 a3 60. h4 c4 61. h5 c3 62. h6 c2 63. h7 Rb8 64. Rc6 a2 0-1

[Event "Blitz 2018"]
[Site "Saint-Petersburg"]
[Date "2018.12.30"]
[Round "17.21"]
[White "Mamedjarova Turkan (AZE)"]
[Black "Chernyak Viktoria (RUS)"]
[Result "1-0"]
[ECO "D03"]
[WhiteElo "2300"]
[BlackElo "2150"]
[PlyCount "91"]
[EventDate "2018.??.??"]
[TimeControl "240+31"]
[WhiteClock "0:00:45"]
[BlackClock "0:00:11"]

1. d4 d5 2. Nf3 Nf6 3. Bg5 e6 4. c4 dxc4 5. Nc3 c5 6. e3 cxd4 7. Nxd4 Be7 8.
Bxc4 a6 9. O-O O-O 10. Qe2 e5 11. Nb3 Nc6 12. Rac1 h6 13. Bxf6 Bxf6 14. Rfd1
Qe8 15. Nd5 Bd8 16. Nc5 Ne7 17. Ne4 Nxd5 18. Bxd5 Be7 19. Qh5 Kh8 20. Qxe5 f5
21. Nd6 Bxd6 22. Qxd6 f4 23. exf4 Bg4 24. Re1 Qb5 25. Be4 Rf6 26. Qc7 Qxb2 27.
h3 Bh5 28. Qc8+ Rf8 29. Qc5 Bf7 30. a4 Rae8 31. Rcd1 Qf6 32. g3 Bb3 33. Rb1
Bxa4 34. Bxb7 Bb5 35. Bg2 Rc8 36. Qh5 Bd3 37. Rbd1 Bg6 38. Qf3 Rc3 39. Qd5 Rc2
40. Re6 Qf7 41. Qd6 Bh5 42. Rde1 a5 43. Bd5 Qf5 44. Rxh6+ gxh6 45. Qxh6+ Qh7
46. Qxf8+ 1-0